 Dungeon Crawl Stone Soup version 0.24.0-13-gcf9b319 (webtiles) character file.

Game seed: 14930113992786300574, levelgen mode: deterministic

1950 Bronimir the Chopper (level 8, -1/61 HPs)
             Began as a Demonspawn Gladiator on Mar 19, 2020.
             Slain by an orc warrior
             ... wielding a +0 mace
              (4 damage)
             ... on level 7 of the Dungeon.
             The game lasted 00:18:53 (7060 turns).

Bronimir the Chopper (Demonspawn Gladiator)         Turns: 7060, Time: 00:18:53

Health: -1/61      AC: 14    Str: 25    XL:     8   Next: 99%
Magic:  8/8        EV: 10    Int: 11    God:
Gold:   272        SH:  0    Dex: 14    Spells: 7/7 levels left

rFire    . . .     SeeInvis .   w - +0 war axe
rCold    . . .     Gourm    .   (no shield)
rNeg     . . .     Faith    +   z - +3 chain mail {MR+}
rPois    .         Spirit   .   y - +2 hat
rElec    .         Reflect  .   (no cloak)
rCorr    .         Harm     .   (no gloves)
MR       +....                  (no boots)
Stlth    ..........             v - amulet of faith
HPRegen  0.20/turn              N - +6 ring of strength
MPRegen  0.11/turn              t - +3 ring of strength

@: no status effects
A: antennae 2, powered by death 2
a: no special abilities


You were on level 7 of the Dungeon.
You were not hungry.

You visited 1 branch of the dungeon, and saw 7 of its levels.

You collected 322 gold pieces.
You spent 50 gold pieces at shops.

Inventory:

Hand Weapons
 a - a +0 trident
 e - a +0 falchion
 o - a +0 hand axe
 w - a +0 war axe (weapon)
 B - a +2 mace of draining
 I - a +0 halberd
Missiles
 d - 3 throwing nets
 k - 53 poisoned darts (quivered)
 l - 127 stones
 r - 60 bolts
 u - 41 sling bullets
 x - 148 arrows
Armour
 b - a +0 leather armour
 c - a +0 helmet
 j - a +0 ring mail
 y - a +2 hat (worn)
 z - a +3 chain mail of magic resistance (worn)
Jewellery
 g - an uncursed ring of positive energy
 h - an uncursed ring of protection from magic
 q - an uncursed amulet of the acrobat
 t - a +3 ring of strength (right hand)
 v - an amulet of faith (around neck)
 N - a +6 ring of strength (left hand)
Wands
 p - a wand of clouds (7)
 D - a wand of polymorph (6)
Scrolls
 n - 5 scrolls of remove curse
 s - 2 scrolls of immolation
 A - 4 scrolls of identify
 E - a scroll of teleportation
Potions
 i - 3 potions of magic
 m - a potion of invisibility {unknown}
 C - a potion of curing {unknown}
 J - 2 potions of berserk rage {unknown}
 K - a potion of agility {unknown}
 M - 3 potions of heal wounds
Comestibles
 f - 5 rations


   Skills:
 + Level 4.9 Fighting
 + Level 6.5(7.1) Axes
 + Level 3.8(5.7) Polearms
 + Level 2.3 Throwing
 * Level 5.4 Armour
 + Level 4.0 Dodging
 - Level 0.2 Stealth


You had 7 spell levels left.
You didn't know any spells.
Your spell library was empty.

Dungeon Overview and Level Annotations

Branches:
Dungeon (7/15)
 Temple: D:4-7

Altars:
Dithmenos

Shops:
D:6 *


Innate Abilities, Weirdness & Mutations

You have a pair of antennae on your head.
You regenerate health from kills.


Message History

The orc warrior hits you but does no damage.
You hit the orc warrior but do no damage.
The orc warrior is severely wounded.
The orc warrior hits you with a +0 mace!
* * * LOW HITPOINT WARNING * * *
You hit the orc warrior.
The orc warrior is almost dead.
The orc warrior completely misses you.
You hit the orc warrior.
The orc warrior is almost dead.
The orc warrior hits you with a +0 mace.
* * * LOW HITPOINT WARNING * * *
You hit the orc warrior but do no damage.
The orc warrior is almost dead.
The orc warrior hits you with a +0 mace!
* * * LOW HITPOINT WARNING * * *
You hit the orc warrior.
The orc warrior is almost dead.
The orc warrior hits you with a +0 mace.
You die...

###### .....#
####.# # #.# #
#.############# #
#.............# #
#############@#
######### #o#
......[.# #.#
#######.# #.# #
#.# #.# # #.# #.#
# #####.######
.>.
##.............#.
##.#.#...######


You could see an orc warrior.

Vanquished Creatures
  Eustachio (D:6)
  2 water moccasins
  A sky beast (D:6)
  An ogre (D:5)
  A phantom (D:5)
  A bullfrog (D:6)
  2 big kobolds (D:6)
  2 howler monkeys (D:4)
  3 crimson imps
  4 orc priests
  A bullfrog skeleton (D:5)
  2 centaur skeletons
  A jelly (D:5)
  3 hounds
  2 iguanas
  9 orc wizards
  A worker ant (D:4)
  5 gnolls
  6 adders
  A shadow imp (D:5)
  An adder zombie (D:5)
  An adder skeleton (D:7)
  A worm (D:5)
  3 dart slugs
  2 leopard geckos
  42 orcs
  5 giant cockroaches
  7 goblins
  8 hobgoblins
  12 jackals
  15 kobolds
  7 quokkas
  A ball python (D:2)
  10 bats
  9 frilled lizards
  6 rats
179 creatures vanquished.

Notes
Turn   | Place    | Note
-------+----------+-------------------------------------------
     0 | D:1      | Bronimir the Demonspawn Gladiator began the quest for the
                  | Orb.
     0 | D:1      | Reached XP level 1. HP: 16/16 MP: 1/1
   360 | D:1      | Gained mutation: You regenerate a little health from kills.
                  | [demonic ancestry]
   360 | D:1      | Reached XP level 2. HP: 22/22 MP: 2/2
   957 | D:2      | Reached XP level 3. HP: 28/28 MP: 3/3
   991 | D:2      | Reached skill level 1 in Armour
  1062 | D:2      | Gained mutation: You have a pair of small antennae on your
                  | head. [demonic ancestry]
  1062 | D:2      | Reached XP level 4. HP: 31/34 MP: 4/4
  2209 | D:3      | Reached XP level 5. HP: 34/39 MP: 5/5
  2451 | D:3      | Found a faded altar of an unknown god.
  2814 | D:3      | Reached skill level 1 in Axes
  2827 | D:3      | Gained mutation: You regenerate health from kills. [demonic
                  | ancestry]
  2827 | D:3      | Reached XP level 6. HP: 31/47 MP: 6/6
  3381 | D:4      | Reached skill level 2 in Axes
  3512 | D:4      | Reached skill level 3 in Axes
  3580 | D:4      | Reached XP level 7. HP: 52/52 MP: 7/7
  3855 | D:4      | Reached skill level 4 in Axes
  4472 | D:5      | Entered Level 5 of the Dungeon
  4768 | D:5      | Reached skill level 5 in Axes
  4768 | D:5      | Gained mutation: You have a pair of antennae on your head.
                  | [demonic ancestry]
  4768 | D:5      | Reached XP level 8. HP: 56/60 MP: 8/8
  5415 | D:6      | Noticed Eustachio
  5470 | D:6      | Killed Eustachio
  5758 | D:6      | Reached skill level 6 in Axes
  5776 | D:6      | Reached skill level 5 in Armour
  6518 | D:6      | Found a shadowy altar of Dithmenos.
  6785 | D:6      | Found Quybuhuj's Assorted Antiques.
  6788 | D:6      | Bought a ring of strength for 50 gold pieces
  7059 | D:7      | HP: 3/61 [orc warrior/+0 mace (12)]
  7060 | D:7      | Slain by an orc warrior

Levels and vault maps discovered:
D:1:      dpeg_arrival_pond, layout_loops_corners, minmay_crystal_water
D:2:      layout_basic, first_ration, chequers_avenue
D:3:      layout_loops_ring, chequers_ecumenical_altar_island, minmay_quantized
D:4:      layout_basic
D:5:      layout_basic, serial_glass, glass_columns_c, glass_columns_a,
          glass_columns_a, glass_columns_a, glass_columns_c, glass_columns_a,
          abandoned_shop
D:6:      cheibrodos_thug_alley, layout_loops_corners, serial_shops,
          nicolae_shop_window_shopping, grunt_dithmenos_smoke_and_mirrors,
          uniq_eustachio
D:7:      layout_loops_ring, old_standard_altar, temple_green,
          uniq_crazy_yiuf_cottage

Skill      XL: |  1  2  3  4  5  6  7  8 |
---------------+-------------------------+-----
Dodging        | 3 4 |  4.0
Polearms       | 3 |  3.8
Armour         | 1 2 4 5 |  5.4
Axes           | 1 3 5 6 |  6.5
Fighting       | 3 4 |  4.9
Throwing       | 2 |  2.3
Stealth        | |  0.2

Action                   |  1- 3 |  4- 6 |  7- 9 || total
-------------------------+-------+-------+-------++-------
Melee: Trident           |    94 |    99 |       ||   193
       War axe           |       |   159 |   452 ||   611
Throw: Dart              |       |     7 |    14 ||    21
  Use: Potion            |       |     4 |       ||     4
       Scroll            |       |     4 |     8 ||    12
 Stab: Sleeping          |     3 |       |       ||     3
  Eat: Chunk             |     1 |     8 |    10 ||    19
       Ration            |       |       |     1 ||     1
Armor: Leather armour    |    39 |    15 |       ||    54
       Skin              |       |    13 |       ||    13
       Ring mail         |       |    36 |       ||    36
       Chain mail        |       |    78 |   255 ||   333
Dodge: Dodged            |    81 |   197 |   256 ||   534
